 Dungeon Sprint DCSS version 0.23-a0-54-gae6112e (webtiles) character file.

753 Mgcat the Gusty (level 7, -2/50 HPs)
             Began as a Demigod Air Elementalist on Aug 8, 2018.
             Slain by a shadow (illusionary) (28 damage)
             ... in the Dungeon (Sprint IX: "|||||||||||||||||||||||||||||").
             The game lasted 00:04:47 (950 turns).

Mgcat the Gusty (Demigod Air Elementalist)           Turns: 950, Time: 00:04:47

Health: -2/50      AC:  7    Str: 14    XL:     7   Next: 24%
Magic:  3/20       EV: 17    Int: 23    God:
Gold:   0          SH:  0    Dex: 18    Spells: 9/19 levels left

rFire    . . .     SeeInvis .   t - +2 halberd "Xaerris" {speed, Dex+2}
rCold    . . .     Gourm    .   (shield currently unavailable)
rNeg     . . .     Faith    .   b - +0 leather armour
rPois    .         Spirit   .   p - +0 helmet
rElec    .         Reflect  .   q - +0 cloak
rCorr    .         Harm     .   (no gloves)
MR       .....     NoTele   +   (no boots)
Stlth    ++........             (no amulet)
HPRegen  0.16/turn              s - +2 ring of protection
MPRegen  0.17/turn              r - +3 ring of strength

@: no status effects
A: high mp 1
a: no special abilities


You were in the Dungeon.
You were near starving.

You visited 1 branch

Inventory:

Hand Weapons
 t - the +2 halberd "Xaerris" (weapon) {speed, Dex+2}
   (You found it in the Dungeon)

   Attacks with this weapon are significantly faster.
   It affects your dexterity (+2).
Armour
 a - a +0 robe
 b - a +0 leather armour (worn)
   (You took it off an orc in the Dungeon)
 p - a +0 helmet (worn)
   (You found it in the Dungeon)
 q - a +0 cloak (worn)
   (You found it in the Dungeon)
Magical Staves
 n - an uncursed staff of energy {+MP, hungerless spells, !d!a@w1}
   (You found it in the Dungeon)
Jewellery
 r - a +3 ring of strength (right hand)
   (You found it in the Dungeon)
 s - a +2 ring of protection (left hand)
   (You found it in the Dungeon)
Wands
 o - a wand of acid (10)
   (You found it in the Dungeon)
Scrolls
 i - 2 scrolls of blinking {!r}
 l - 3 scrolls of remove curse
 m - 2 scrolls of amnesia
Potions
 f - a potion of haste
 g - 4 potions of magic
 k - 4 potions of curing
Comestibles
 c - a ration
 d - 8 chunks of flesh {@w0}


   Skills:
 + Level 7.3 Dodging
 - Level 1.7 Stealth
 + Level 6.7 Spellcasting
 + Level 7.1 Conjurations
 - Level 5.0 Charms
 + Level 7.6 Air Magic


You had 9 spell levels left.
You knew the following spells:

 Your Spells              Type           Power        Failure   Level  Hunger
a - Shock                 Conj/Air       ####         1%          1    None
b - Swiftness             Chrm/Air       #####...     1%          2    None
c - Static Discharge      Conj/Air       #####...     1%          3    None
d - Airstrike             Air            #####.....   4%          4    ###....

Your spell library contained the following spells:

 Spells                   Type           Power        Failure   Level  Hunger
 Lightning Bolt           Conj/Air       #####.....   13%         5    #####..


Dungeon Overview and Level Annotations

Branches:
Dungeon (1/1)


Innate Abilities, Weirdness & Mutations

You have an increased reservoir of magic. (+10% MP)


Message History

There is a shimmering altar of Xom here.
You butcher the hippogriff corpse.
d - 8 chunks of flesh {@w0} (gained 6)
There is a basalt altar of Yredelemnul here. x2
There is a glowing silver altar of Zin here.
There is a glowing golden altar of the Shining One here.
There is an open door here.
Items here: )))))))
You see here a +0 plate armour.
There is an open door to the Dungeon here.
Things that are here:
a glaive; a chain mail You open the door.
A hippogriff, a centaur warrior, a rakshasa, a shadow, a hungry ghost and a zombie come into view.
The centaur warrior shouts!
The hippogriff screeches!
Casting: Static Discharge (safe; 1% risk of failure)
Confirm with . or Enter, or press ? or * to list all spells.
The hungry ghost is struck by lightning.
The hungry ghost is moderately damaged.
The lightning grounds out.
The hungry ghost hits you.
You are feeling very hungry.
The rakshasa weaves an illusion.
The shadow shimmers and seems to become two!
Casting: Static Discharge (safe; 1% risk of failure)
Confirm with . or Enter, or press ? or * to list all spells.
The hungry ghost is struck by lightning.
The hungry ghost is heavily damaged.
The lightning arcs!
The shadow is struck by lightning.
The shadow is lightly damaged.
The lightning arcs!
The shadow is struck by lightning.
The shadow is moderately damaged.
The lightning arcs!
The adder zombie is struck by lightning.
The adder zombie is moderately damaged.
The lightning grounds out.
The hungry ghost barely misses you.
The rakshasa blinks!
Casting: Static Discharge (safe; 1% risk of failure)
Confirm with . or Enter, or press ? or * to list all spells.
The hungry ghost is struck by lightning.
The hungry ghost is almost destroyed.
The lightning arcs!
The shadow is struck by lightning.
The shadow is lightly damaged.
The lightning grounds out.
The hungry ghost hits you.
You are near starving!
The shadow slips into darkness.
The shadow flickers and vanishes!
Deactivating autopickup; reactivate with Ctrl-A.
Casting: Static Discharge (safe; 1% risk of failure)
Confirm with . or Enter, or press ? or * to list all spells.
The hungry ghost is struck by lightning.
The hungry ghost is almost destroyed.
The lightning arcs!
Something is struck by lightning.
The lightning arcs!
The hungry ghost is struck by lightning.
You destroy the hungry ghost!
Your Dodging skill increases to level 7!
Your Conjurations skill increases to level 7!
The lightning grounds out.
The shadow slips into darkness.
The shadow flickers and vanishes!
Something is blocking the doorway!
The shadow strikes at you from the darkness!
Reactivating autopickup.
Press: ? - help, v - describe, . - travel
Here: a shadow (moderately damaged)
An open door.
Unknown command.
Casting: Static Discharge (safe; 1% risk of failure)
Confirm with . or Enter, or press ? or * to list all spells.
The shadow is struck by lightning.
The shadow is moderately damaged.
The lightning grounds out.
The shadow hits you.
You hit the shadow but do no damage.
The shadow is moderately damaged.
The shadow closely misses you.
You barely miss the shadow.
The shadow is moderately damaged.
The shadow closely misses you.
Unknown command.
Casting: Static Discharge (safe; 1% risk of failure)
Confirm with . or Enter, or press ? or * to list all spells.
Aiming: Airstrike (safe; 4% risk of failure)
Press: ? - help, Dir - move target cursor, f - shadow
Aim: a shadow (moderately damaged)
The air twists around and violently strikes the shadow!
The shadow is heavily damaged.
The shadow slips into darkness.
The shadow flickers and vanishes!
Deactivating autopickup; reactivate with Ctrl-A.
You miss something.
The shadow strikes at you from the darkness!
Reactivating autopickup.
The shadow slips into darkness.
The shadow flickers and vanishes!
Deactivating autopickup; reactivate with Ctrl-A.
Things that are here:
a glaive; a chain mail The rakshasa weaves an illusion.
The shadow strikes at you from the darkness!
Ouch! That really hurt!
You die...

▓.▓
▓)▓
▓.▓
▓.▓
▓[▓
▓.▓
▓.▓
▓'▓
▓@▓
▓.▓
▓)▓
▓.▓
▓.▓
▓R▓
▓'▓
▓c▓
▓Z▓


You could see a rakshasa and a centaur warrior.

Vanquished Creatures
  A hippogriff (D)
  A hungry ghost (D)
  2 orc warriors (D)
  A sky beast (D)
  A crocodile (D)
  A scorpion (D)
  An orc wizard (D)
  A worker ant (D)
  An ooze (D)
  An adder zombie (D)
  A dart slug (D)
  2 orcs (D)
  A bat (D)
  A kobold (D)
  A rat (D)
17 creatures vanquished.

Vanquished Creatures (others)
  A spatial maelstrom (D)
1 creature vanquished.

Grand Total: 18 creatures vanquished

Notes
Turn   | Place    | Note
-------+----------+-------------------------------------------
     0 | D        | Mgcat the Demigod Air Elementalist began the quest for the Orb.
     0 | D        | Reached XP level 1. HP: 14/14 MP: 5/5
     4 | D        | Reached skill level 1 in Conjurations
     4 | D        | Reached skill level 2 in Dodging
     4 | D        | Reached skill level 2 in Spellcasting
     4 | D        | Reached skill level 3 in Air Magic
    10 | D        | Reached skill level 2 in Conjurations
    10 | D        | Reached XP level 2. HP: 12/20 MP: 0/8
    14 | D        | Learned a level 2 spell: Swiftness
    19 | D        | Banished a spatial maelstrom
   152 | D        | Noticed a scorpion
   158 | D        | Reached skill level 3 in Dodging
   158 | D        | Reached skill level 3 in Spellcasting
   158 | D        | Reached skill level 3 in Conjurations
   158 | D        | Reached skill level 4 in Air Magic
   158 | D        | Reached XP level 3. HP: 16/26 MP: 2/10
   164 | D        | HP: 5/26 [worker ant (4)]
   170 | D        | Killed a scorpion
   170 | D        | Reached skill level 4 in Dodging
   170 | D        | Reached XP level 4. HP: 12/33 MP: 0/12
   178 | D        | Reached skill level 4 in Spellcasting
   178 | D        | Reached skill level 4 in Conjurations
   178 | D        | Reached skill level 5 in Air Magic
   326 | D        | Found a roughly hewn altar of Beogh.
   326 | D        | Found a snail-covered altar of Cheibriados.
   326 | D        | Found a shadowy altar of Dithmenos.
   326 | D        | Found a white marble altar of Elyvilon.
   326 | D        | Found a blossoming altar of Fedhas.
   326 | D        | Found an opulent altar of Gozag.
   327 | D        | Found a hazy altar of Hepliaklqana.
   328 | D        | Found a viscous altar of Jiyva.
   329 | D        | Found an ancient bone altar of Kikubaaqudgha.
   330 | D        | Found a corrupted altar of Lugonu.
   331 | D        | Found a burning altar of Makhleb.
   332 | D        | Found a sparkling altar of Nemelex Xobeh.
   333 | D        | Found an iron altar of Okawaru.
   334 | D        | Found a stormy altar of Qazlal.
   335 | D        | Found a sacrificial altar of Ru.
   336 | D        | Found a deep blue altar of Sif Muna.
   337 | D        | Found a bloodstained altar of Trog.
   338 | D        | Found a hide-covered altar of Uskayaw.
   339 | D        | Found a radiant altar of Vehumet.
   340 | D        | Found an ornate altar of the Wu Jian Council.
   341 | D        | Found a shimmering altar of Xom.
   342 | D        | Found a basalt altar of Yredelemnul.
   343 | D        | Found a glowing silver altar of Zin.
   344 | D        | Found a glowing golden altar of the Shining One.
   375 | D        | Got the +2 halberd "Xaerris" {speed, Dex+2}
   393 | D        | Learned a level 3 spell: Static Discharge
   398 | D        | Learned a level 4 spell: Airstrike
   488 | D        | Noticed a sky beast
   488 | D        | Noticed a crocodile
   488 | D        | Noticed a hippogriff
   488 | D        | Noticed an orc warrior
   488 | D        | Noticed an orc warrior
   496 | D        | Killed a crocodile
   496 | D        | Reached skill level 5 in Dodging
   496 | D        | Reached skill level 2 in Charms
   496 | D        | Reached XP level 5. HP: 22/38 MP: 6/15
   496 | D        | Killed an orc warrior
   496 | D        | Reached skill level 5 in Spellcasting
   496 | D        | Reached skill level 5 in Conjurations
   496 | D        | Reached skill level 3 in Charms
   496 | D        | Reached skill level 6 in Air Magic
   716 | D        | HP: 7/38 [something (5)]
   723 | D        | Killed a sky beast
   723 | D        | Reached skill level 6 in Dodging
   723 | D        | Reached XP level 6. HP: 41/45 MP: 18/18
   797 | D        | Killed a hippogriff
   797 | D        | Reached skill level 6 in Spellcasting
   797 | D        | Reached skill level 6 in Conjurations
   797 | D        | Reached skill level 4 in Charms
   797 | D        | Reached skill level 7 in Air Magic
   834 | D        | Reached skill level 5 in Charms
   834 | D        | Reached XP level 7. HP: 47/50 MP: 4/20
   935 | D        | Noticed a hungry ghost
   935 | D        | Noticed a shadow
   935 | D        | Noticed a rakshasa
   935 | D        | Noticed a centaur warrior
   935 | D        | Noticed a hippogriff
   939 | D        | Killed a hungry ghost
   939 | D        | Reached skill level 7 in Dodging
   939 | D        | Reached skill level 7 in Conjurations
   950 | D        | Slain by a shadow (illusionary)

Vault maps used:
D:        linesprint

Skill      XL: |  1  2  3  4  5  6  7 |
---------------+----------------------+-----
Conjurations   | 2 3 4 5 6 7 |  7.1
Dodging        | 2 3 4 5 6 7 |  7.3
Spellcasting   | 2 3 4 5 6 |  6.7
Air Magic      | 3 4 5 6 7 |  7.6
Charms         | 2 3 5 |  5.0
Stealth        | |  1.7

Action                   |  1- 3 |  4- 6 |  7- 9 || total
-------------------------+-------+-------+-------++-------
Melee: Unarmed           |     2 |     4 |       ||     6
       Halberd           |       |    16 |     3 ||    19
 Cast: Shock             |    13 |    14 |       ||    27
       Static Discharge  |       |     2 |     6 ||     8
       Swiftness         |       |     1 |       ||     1
       Airstrike         |       |     3 |     1 ||     4
  Use: Potion            |     1 |     5 |       ||     6
 Stab: Invisible         |       |     1 |       ||     1
Armor: Leather armour    |       |    13 |     1 ||    14
Dodge: Dodged            |     8 |    11 |     3 ||    22

Table legend:
 A = Spawn XP
 B = Non-spawn XP
 C = Spawn XP percentage of total XP
 D = Spawn monster count
 E = Non-spawn monster count
 F = Spawn count percentage of total count
 G = Total turns spent on level
                    A         B        C        D         E        F      G
               +---------+---------+-------+---------+---------+-------+---------
         Total |       0 |    1077 |   0.0 |       0 |      17 |   0.0 |   950
               +---------+---------+-------+---------+---------+-------+---------
             D |       0 |    1077 |   0.0 |       0 |      17 |   0.0 |   950
               +---------+---------+-------+---------+---------+-------+---------

Vault maps used:
D:        linesprint

Table legend:
 A = Turns spent in this place as a percentage of turns spent in the entire game.
 B = Non-inter-level travel turns spent in this place as a percentage of non-inter-level travel turns spent in the entire game.
 C = Inter-level travel turns spent in this place as a percentage of turns spent in this place.
 D = Turns resting spent in this place as a percentage of non-inter-level travel turns spent in this place.
 E = Turns spent auto-exploring this place as a percentage of non-inter-level travel turns spent in this place.
 F = Non-inter-level travel turns spent in this place divided by the number of levels of this place that you've seen.
                   A       B       C       D       E      F
               +-------+-------+-------+-------+-------+----------------------
         Total | 100.0 | 100.0 |   3.1 |  46.5 |  25.8 | 921.0
       Dungeon | 100.0 | 100.0 |   3.1 |  46.5 |  25.8 | 921.0
               +-------+-------+-------+-------+-------+----------------------

Table legend:
 A = Kills in this place as a percentage of kills in entire the game.
 B = Kills by you in this place as a percentage of kills by you in the entire game.
 C = Kills by friends in this place as a percentage of kills by friends in the entire game.
 D = Other kills in this place as a percentage of other kills in the entire game.
 E = Experience gained in this place as a percentage of experience gained in the entire game.
 F = Experience gained in this place divided by the number of levels of this place that you have seen.
                   A       B       C       D       E      F
               +-------+-------+-------+-------+-------+----------------------
         Total | 100.0 | 100.0 |   N/A |   N/A | 100.0 | 1077.0
       Dungeon | 100.0 | 100.0 |   N/A |   N/A | 100.0 | 1077.0
               +-------+-------+-------+-------+-------+----------------------
